 Dungeon Crawl Stone Soup version 0.31-a0-744-gbc345e7fcb (webtiles) character file.

Game seed: 8864773430510118363

48 randomguy2701 the Trooper (level 4, 0/35 HPs)
             Began as a Human Fighter on Sept 14, 2023.
             Slain by a jackal (1 damage)
             ... on level 2 of the Dungeon.
             The game lasted 00:01:01 (1166 turns).

randomguy2701 the Trooper (Human Fighter)           Turns: 1166, Time: 00:01:02

Health: 0/35       AC:  6    Str: 17    XL:     4   Next: 0%
Magic:  4/4        EV:  9    Int:  8    God:
Gold:   59         SH:  5    Dex: 14    Spells: 3/3 levels left

rFire   . . .        a - +0 war axe
rCold   . . .        c - +0 buckler
rNeg    . . .        b - +0 scale mail
rPois   .            (no helmet)
rElec   .            (no cloak)
rCorr   .            (no gloves)
SInv    .            (no boots)
Will    .....        (no amulet) Stlth
                     (no ring)
HPRegen 0.25/turn    (no ring)
MPRegen 0.09/turn

%: no passive effects
@: no status effects
A: no striking features
a: no special abilities


You were on level 2 of the Dungeon.
You visited 1 branch of the dungeon, and saw 2 of its levels.

You collected 59 gold pieces.

Inventory:

Hand Weapons
 a - a +0 war axe (weapon)
Armour
 b - a +0 scale mail (worn)
 c - a +0 buckler (worn)
Jewellery
 g - a ring of wizardry
 k - the ring "Soinanysk" {rF+ Dex+6}
   (You found it on level 2 of the Dungeon)

   [ring of dexterity]

   Dex+6:     It affects your dexterity (+6).
   rF+:       It protects you from fire.
Scrolls
 e - a scroll of teleportation {unknown}
 f - a scroll of enchant armour {unknown}
 h - 2 scrolls of identify {unknown}
 j - a scroll of enchant weapon {unknown}
Potions
 d - a potion of might
 i - a potion of enlightenment {unknown}
 l - a potion of curing {unknown}
 m - a potion of heal wounds {unknown}


   Skills:
 + Level 3.3 Fighting
 + Level 3.2 Axes
 + Level 3.1 Armour
 + Level 3.2 Shields


You had 3 spell levels left.
You didn't know any spells.
Your spell library was empty.

Dungeon Overview and Level Annotations

Branches:
Dungeon (2/15)

Altars:

Annotations:
D:2 Natasha


Message History

You slash the jackal!
You kill the jackal!
The jackal bites you but does no damage.
The jackal barely misses you.
You have reached level 4!
You feel stronger.
You miss the jackal.
The jackal is moderately wounded.
The jackal bites you but does no damage.
Natasha mumbles some strange words.
The jackal barely misses you.
You closely miss the jackal.
The jackal is moderately wounded.
You block the jackal's attack. The jackal bites you.
You hit the jackal.
The jackal is severely wounded.
The jackal bites you but does no damage.
The cerulean imp hits you from afar with a +4 spear.
The jackal closely misses you.
The cerulean imp hits you from afar with a +4 spear.
Natasha claws you!
The cerulean imp attacks as it pursues you!
The cerulean imp hits you from afar with a +4 spear!
* * * LOW HITPOINT WARNING * * *
The cerulean imp hits you from afar with a +2 spear.
* * * LOW HITPOINT WARNING * * *
Natasha claws you.
* * * LOW HITPOINT WARNING * * *
You closely miss the jackal.
The jackal is severely wounded.
You closely miss Natasha. The jackal closely misses you.
The jackal bites you but does no damage.
The cerulean imp hits you from afar with a +4 spear.
* * * LOW HITPOINT WARNING * * *
The cerulean imp misses you. You block Natasha's attack.
You barely miss Natasha. You closely miss the jackal.
The jackal bites you but does no damage.
The cerulean imp completely misses you. You block the cerulean imp's attack.
Natasha completely misses you. The jackal bites you.
You die...

########## ##.........
#h@.#####.#
#.?5h#.....#.#
#..5.#.....#.# ######
.......#.....#.# #.....
...##...#.....#.#
#..... .. #...#.....#†#
#..... .
.######.....#.####.....
.......................
#####......)..####.....


You could see Natasha, 2 cerulean imps and a jackal.

Vanquished Creatures
  A dart slug (D:1)
  6 ball pythons
  3 endoplasms
  A giant cockroach (D:2)
  5 goblins
  2 hobgoblins
  5 jackals
  4 kobolds
  3 quokkas
  4 bats
  2 frilled lizards (D:1)
  2 rats
38 creatures vanquished.

Notes
Turn   | Place    | Note
-------+----------+-------------------------------------------
     0 | D:1      | randomguy2701 the Human Fighter began the quest for the
                  | Orb.
     0 | D:1      | Reached XP level 1. HP: 18/18 MP: 1/1
   305 | D:1      | Reached XP level 2. HP: 21/24 MP: 2/2
   581 | D:1      | Reached XP level 3. HP: 27/29 MP: 3/3
   966 | D:2      | Identified the ring "Soinanysk" {rF+ Dex+6}
  1158 | D:2      | Noticed Natasha
  1161 | D:2      | Reached XP level 4. HP: 35/35 MP: 4/4
  1165 | D:2      | HP: 1/35 [cerulean imp/+4 spear[Natasha] (3)]
  1166 | D:2      | Slain by a jackal

Illustrated notes

Levels and vault maps discovered:
D:1:      erik_arrival_blinker_ship, layout_loops_corners
D:2:      layout_basic, dreamdust_ecumenical_altar_grove, uniq_natasha

Skill      XL: |  1  2  3 |
---------------+----------+-----
Axes           | 3 |  3.2
Fighting       | |  3.3
Armour         | |  3.1
Shields        | |  3.2

Action                     |  1- 3 |  4- 6 || total
---------------------------+-------+-------++-------
  Melee: War axe           |    91 |     5 ||    96
 Armour: Scale mail        |    68 |    13 ||    81
  Dodge: Dodged            |    37 |     6 ||    43
  Block: Buckler           |    27 |     3 ||    30

Table legend: (Time is in decaauts)
 A = Elapsed time spent in this place.
 B = Non-inter-level travel time spent in this place.
 C = Inter-level travel time spent in this place.
 D = Time resting spent in this place.
 E = Time spent auto-exploring this place.
 F = Levels seen in this place.
 G = Mean time per level.
                   A        B        C        D        E       F      G
               +--------+--------+--------+--------+--------+-----+--------+
         Total |   1204 |   1190 |     14 |      0 |    945 |   2 |  602.0 |
       Dungeon |   1204 |   1190 |     14 |      0 |    945 |   2 |  602.0 |
               +--------+--------+--------+--------+--------+-----+--------+

Top non-repeatable levels by time:
     D:1: 868 daAuts
     D:2: 335 daAuts
